 Dungeon Crawl Stone Soup version 0.19.4-10-g532645f (console) character file.

3899 Grinner the Grappler (level 10, -2/70 HPs)
             Began as a Troll Monk on Feb 23, 2017.
             Slain by a hellwing (16 damage)
             ... on level 2 of the Abyss.
             The game lasted 00:09:44 (5097 turns).

Grinner the Grappler (Troll Monk)                   Turns: 5097, Time: 00:09:45

Health: -2/70      AC:  7    Str: 19    XL:     10   Next: 0%
Magic:  9/9        EV: 14    Int:  6    God:
Gold:   310        SH:  0    Dex: 15    Spells: 1 memorised, 8 levels left

rFire  + . .     SeeInvis .       - Unarmed
rCold  . . .     Gourm    +     a - +0 robe
rNeg   . . .     Faith    .     (no shield)
rPois  .         Spirit   .     (helmet restricted)
rElec  .         Reflect  .     (no cloak)
rCorr  .         Harm     +     (gloves unavailable)
MR     .....     Clarity  +     (boots unavailable)
Stlth  ++........               x - amulet of harm
                                (no ring)
                                u - ring of protection from fire

@: about to teleport
A: unfitting armour, claws 3, thin metallic scales 1, clarity, fast metabolism
3, frail 2, gourmand, regeneration 1, shaggy fur 1, tough skin 2, weak 1
a: no special abilities


You were on level 2 of the Abyss.
You were not hungry.

You visited 1 branch of the dungeon, and saw 7 of its levels.
You visited the Abyss 1 time.

You collected 310 gold pieces.

Inventory:

Armour
 a - a +0 robe (worn)
Rods
 r - a +0 rod of shadows (9/9)
   (You found it on level 4 of the Dungeon)
Jewellery
 u - a ring of protection from fire (left claw)
 x - an amulet of harm (around neck)
 G - an uncursed ring of resist corrosion {unknown}
Wands
 o - a wand of acid (6/15)
 E - a wand of acid (4/15)
 H - a wand of acid (7/15)
Scrolls
 c - 3 scrolls of amnesia {unknown}
 f - 6 scrolls of identify {unknown}
 i - a scroll of fog {unknown}
 k - 9 scrolls of remove curse {unknown}
 l - 2 scrolls of enchant armour {unknown}
 m - a scroll of blinking {unknown}
 n - 2 scrolls of recharging {unknown}
 s - a scroll of teleportation {unknown}
 v - a scroll of enchant weapon {unknown}
 y - a scroll of fear {unknown}
 C - a scroll of magic mapping {unknown}
 D - a scroll of noise {unknown}
 F - a scroll of torment {unknown}
Potions
 e - 3 potions of curing
 h - a potion of lignification
 p - a potion of haste {unknown}
 q - a potion of mutation {unknown}
 w - a potion of flight
 z - a potion of heal wounds
 A - a potion of cancellation {unknown}
Books
 B - a book of Misfortune

   Spells                             Type                      Level
   a - Confusing Touch                Hexes                        1
   b - Confuse                        Hexes                        3
   c - Gell's Gravitas                Hexes/Translocation          3
   d - Petrify                        Transmutation/Earth          4
   e - Metabolic Englaciation         Hexes/Ice                    5
   f - Yara's Violent Unravelling     Hexes/Transmutation          5
Comestibles
 b - 10 bread rations
 d - 13 fruits
 g - 4 slices of pizza
 j - 2 meat rations
 t - 2 beef jerkies


   Skills:
 - Level 2.4 Fighting
 + Level 6.9 Dodging
 - Level 1.0 Stealth
 * Level 11.2 Unarmed Combat
 * Level 3.5 Hexes


You had 8 spell levels left.
You knew the following spells:

 Your Spells              Type           Power        Failure   Level  Hunger
x - Confusing Touch       Hex            #.....       12%         1    ##.....


Dungeon Overview and Level Annotations

Branches:
Dungeon (7/15)             Temple (0/1) D:7

Altars:
Cheibriados
Dithmenos
Fedhas
Makhleb
Okawaru
Qazlal
Uskayaw
Vehumet
Xom
Yredelemnul
The Shining One


Innate Abilities, Weirdness & Mutations

You are too large for most types of armour.
You have claws for hands.
Your metabolism is lightning-fast.
You like to eat raw meat.
Your natural rate of healing is unusually fast.
You are covered in fur. (AC +1)
You have very tough skin. (AC +2)
You are partially covered in thin metallic scales. (AC +2)
You possess an exceptional clarity of mind.
You are very frail. (-20% HP)
You are weak. (Str -2)


Message History

The spatial maelstrom closely misses you.
You mangle the spatial maelstrom!!
You destroy the spatial maelstrom!
You have reached level 10!
It was a potion of heal wounds.
You feel much better.
You claw the spatial vortex!
The spatial vortex is moderately damaged.
The spatial vortex hits you!!
* * * LOW HITPOINT WARNING * * *
You feel strangely unstable.
You feel the power of the Abyss delaying your translocation!
A hellwing comes into view.
The hellwing gives a chilling moan.
Unknown command.
The hellwing swoops through the air toward you!
The hellwing barely misses you. The hellwing hits you.
* * * LOW HITPOINT WARNING * * *
You closely miss the hellwing. Your claw misses the hellwing.
The hellwing hits you!
You die...

#####.#.###...
#...Y. ..#...
...##..##......
##....#.....#
#..4# #...##
##.# ##.## #..
##...## .
#....#.....#....
........@.......
....#..4..#....
...###...###...
#.# ##.## #.# ..
... .. ... ###


You could see a hellwing.

Vanquished Creatures
  The ghost of Grinner the Grappler, a novice TrMo (D:7)
  A spatial maelstrom (Abyss:2)
  A smoke demon (Abyss:2)
  A hippogriff (D:7)
  A spriggan (D:7)
  The ghost of Grinner the Ruffian, an amateur TrMo (D:3)
  A hungry ghost (D:6)
  Menkaure (D:4)
  An ice beast (D:7)
  A sky beast (D:7)
  4 ogres (D:4)
  A phantom (D:7)
  5 bullfrogs
  A scorpion (D:4)
  4 wights (D:7)
  A crimson imp (D:3)
  2 centaur zombies
  2 jellies
  2 hounds
  A bullfrog skeleton (D:6)
  Ijyb (D:2)
  A centaur skeleton (D:7)
  An iguana (D:4)
  Terence (D:3)
  2 worker ants
  Robin (D:2)
  3 gnolls (D:7)
  7 adders
  A shadow imp (D:5)
  A white imp (Abyss:2)
  2 oozes
  3 worms (D:2)
  An adder skeleton (D:4)
  2 dart slugs
  6 leopard geckos
  8 orcs
  11 bats
  3 giant cockroaches
  5 hobgoblins
  9 jackals
  3 quokkas
  2 ball pythons
  5 frilled lizards
  14 goblins
  6 kobolds
  2 quokka skeletons
  7 rats
141 creatures vanquished.

Notes
Turn   | Place    | Note
-------+----------+-------------------------------------------
     0 | D:1      | Grinner the Troll Monk began the quest for the Orb.
     0 | D:1      | Reached XP level 1. HP: 22/22 MP: 0/0
   154 | D:1      | Reached XP level 2. HP: 29/29 MP: 1/1
   615 | D:1      | Reached XP level 3. HP: 36/36 MP: 2/2
   818 | D:2      | Reached skill level 4 in Unarmed Combat
   850 | D:2      | Noticed Ijyb
   861 | D:2      | Killed Ijyb
   861 | D:2      | Reached XP level 4. HP: 42/44 MP: 3/3
   905 | D:2      | Found a basalt altar of Yredelemnul.
   907 | D:2      | Noticed a profane servitor
   916 | D:2      | Found a glowing golden altar of the Shining One.
   918 | D:2      | Noticed an angel
  1275 | D:2      | Noticed Robin
  1289 | D:2      | Killed Robin
  1350 | D:2      | Found a radiant altar of Vehumet.
  1358 | D:2      | Found a hide-covered altar of Uskayaw.
  1359 | D:2      | Found an iron altar of Okawaru.
  1516 | D:3      | Noticed Grinner's ghost (amateur TrMo)
  1561 | D:3      | Killed Grinner's ghost
  1561 | D:3      | Reached skill level 5 in Unarmed Combat
  1561 | D:3      | Reached XP level 5. HP: 6/50 MP: 4/4
  1561 | D:3      | Reached XP level 6. HP: 8/59 MP: 5/5
  1882 | D:3      | Reached skill level 6 in Unarmed Combat
  2124 | D:3      | Noticed Terence
  2136 | D:3      | Killed Terence
  2191 | D:3      | Found a shimmering altar of Xom.
  2192 | D:3      | Found a burning altar of Makhleb.
  2331 | D:4      | Reached XP level 7. HP: 64/66 MP: 6/6
  2411 | D:4      | Noticed Menkaure
  2415 | D:4      | Killed Menkaure
  2415 | D:4      | Reached skill level 7 in Unarmed Combat
  2440 | D:4      | Identified a +0 rod of shadows (9/9) (You found it on level 4 of the Dungeon)
  2494 | D:4      | Found a stormy altar of Qazlal.
  2497 | D:4      | Found a blossoming altar of Fedhas.
  2757 | D:4      | Reached skill level 8 in Unarmed Combat
  2823 | D:4      | Reached skill level 5 in Dodging
  2880 | D:4      | Reached XP level 8. HP: 66/74 MP: 7/7
  2956 | D:5      | Entered Level 5 of the Dungeon
  3119 | D:5      | Found a shadowy altar of Dithmenos.
  3610 | D:6      | Found a snail-covered altar of Cheibriados.
  3661 | D:6      | Reached skill level 9 in Unarmed Combat
  3866 | D:7      | Noticed a hippogriff
  3873 | D:7      | Killed a hippogriff
  3883 | D:7      | Reached skill level 10 in Unarmed Combat
  3955 | D:7      | Found a staircase to the Ecumenical Temple.
  4063 | D:7      | Learned a level 1 spell: Confusing Touch
  4070 | D:7      | Reached XP level 9. HP: 78/80 MP: 8/8
  4188 | D:7      | Noticed Grinner's ghost (novice TrMo)
  4209 | D:7      | Killed Grinner's ghost
  4340 | D:7      | Gained mutation: You are partially covered in thin metallic scales. (AC +2) [mutagenic meat]
  4341 | D:7      | Gained mutation: You are frail. (-10% HP) [mutagenic meat]
  4342 | D:7      | Gained mutation: You are very frail. (-20% HP) [mutagenic meat]
  4343 | D:7      | Gained mutation: You possess an exceptional clarity of mind. [mutagenic meat]
  4344 | D:7      | Gained mutation: You are weak. (Str -2) [mutagenic meat]
  4984 | D:7      | Cast into level 1 of the Abyss (orc)
  4987 | Abyss:1  | Found a corrupted altar of Lugonu.
  5007 | Abyss:1  | Noticed a starcursed mass
  5045 | Abyss:2  | Noticed a large abomination
  5060 | Abyss:2  | Noticed a smoke demon
  5071 | Abyss:2  | Killed a smoke demon
  5071 | Abyss:2  | Reached skill level 11 in Unarmed Combat
  5072 | Abyss:2  | Noticed a spatial maelstrom
  5081 | Abyss:2  | Killed a spatial maelstrom
  5081 | Abyss:2  | Reached XP level 10. HP: 6/70 MP: 9/9
  5097 | Abyss:2  | Slain by a hellwing

Skill      XL: |  1  2  3  4  5  6  7  8  9 |
---------------+----------------------------+-----
Dodging        | 3 4 5 6 |  6.9
Unarmed Combat | 4 5 6 8 10 11 | 11.2
Hexes          | 3 |  3.5
Fighting       | |  2.4
Stealth        | |  1.0

Action                   |  1- 3 |  4- 6 |  7- 9 | 10-12 || total
-------------------------+-------+-------+-------+-------++-------
Melee: Unarmed           |    76 |   155 |   181 |     2 ||   414
       Punch             |     2 |     1 |     6 |       ||     9
  Use: Potion            |       |     6 |     1 |     1 ||     8
 Stab: Sleeping          |     2 |     2 |     5 |       ||     9
       Distracted        |       |       |     2 |       ||     2
  Eat: Chunk             |     9 |    18 |    18 |       ||    45
       Bread ration      |       |       |     2 |       ||     2
Armor: Robe              |    22 |    51 |    34 |       ||   107
       Skin              |       |       |     7 |       ||     7
Dodge: Dodged            |    44 |    75 |    90 |     1 ||   210
